 Dungeon Crawl Stone Soup version 0.30.1-4-g462c640d31 (console) character file.

Game seed: 134359967882602072

142 shmup the Insei (level 5, -7/40 HPs)
             Began as a Draconian Transmuter on Sept 4, 2023.
             Mangled by Menkaure (11 damage)
             ... on level 4 of the Dungeon.
             The game lasted 00:04:21 (2869 turns).

shmup the Insei (Draconian Transmuter)              Turns: 2869, Time: 00:04:21

Health: -7/40      AC:  5    Str: 12    XL:     5   Next: 4%
Magic:  7/8        EV: 12    Int: 15    God:
Gold:   198        SH:  0    Dex: 12    Spells: 7/8 levels left

rFire   . .          .
                       - Unarmed
rCold   . . .        (no shield)
rNeg    . . .        (body armour unavailable)
rPois   +            (helmet currently unavailable)
rElec   .            (no cloak)
rCorr   .            (no gloves)
SInv    .            (boots currently unavailable)
Will    .....        m - amulet of the acrobat
Stlth   +            e - ring of poison resistance
HPRegen 0.26/turn    (no ring)
MPRegen 0.11/turn

%: acrobat
@: appendages
A: horns 2, talons 2, AC +5, unfitting armour, cold-blooded
a: End Transformation


You were on level 4 of the Dungeon.
You had temporarily grown beastly horns and talons.
You visited 1 branch of the dungeon, and saw 4 of its levels.

You collected 198 gold pieces.

Inventory:

Hand Weapons
 k - a +0 hand axe
 n - a +1 hand axe of flaming
 p - a +2 dagger of venom
Missiles
 f - 5 poisoned darts
 g - 16 stones (quivered)
Magical Staves
 d - a staff of fire
Jewellery
 e - a ring of poison resistance (left hand)
 m - an amulet of the acrobat (around neck)
Scrolls
 i - a scroll of noise {unknown}
 j - 2 scrolls of teleportation {unknown}
 l - a scroll of amnesia {unknown}
 o - a scroll of butterflies {unknown}
 q - a scroll of identify {unknown}
 r - a scroll of poison
Potions
 a - a potion of lignification
 b - a potion of brilliance {unknown}
 c - a potion of flight {unknown}
 h - a potion of attraction {unknown}
 s - 2 potions of curing {unknown}


   Skills:
 - Level 1.1 Fighting
 - Level 1.7 Dodging
 + Level 4.5 Unarmed Combat
 - Level 2.0 Spellcasting
 + Level 4.0 Transmutations


You had 7 spell levels left.
You knew the following spells:

 Your Spells              Type           Power      Damage    Failure   Level
a - Beastly Appendage     Tmut           26%        N/A       4%          1

Your spell library contained the following spells:

 Spells                   Type           Power      Damage    Failure   Level
 Wereblood                Tmut           13%        N/A       6%          2
 Spider Form              Tmut/Pois      7%         N/A       28%         3
 Blink                    Tloc           2%         N/A       32%         2
 Lesser Beckoning         Tloc           2%         N/A       32%         2
 Momentum Strike          Conj/Tloc      2%         3d8       32%         2
 Ice Form                 Ice/Tmut       7%         N/A       67%         4


Dungeon Overview and Level Annotations

Branches:
Dungeon (4/15) Zot: 21142
 Temple: D:4-7

Altars:
Yredelemnul

Annotations:
D:3 2 transporters, jpeg9000's ghost, weakling DsCK
D:4 3 runed translucent doors, Menkaure; bairyn's ghost, amateur SpRe


Innate Abilities, Weirdness & Mutations

You have temporarily grown beastly horns and talons.
Your plain brown scales are hard. (AC +5)
You cannot fit into any form of body armour.
You are cold-blooded and may be slowed by cold attacks.


Message History

You punch the quokka.
The quokka is severely wounded.
The quokka closely misses you.
Casting: Beastly Appendage (safe; 4% risk of failure)
Confirm with . or Enter, or press ? or * to list all spells.
You grow a pair of large bovine horns.
Your feet morph into talons.
The quokka bites you but does no damage.
You closely miss the quokka. Your kick misses the quokka.
You tail-slap the quokka.
You kill the quokka!
Magic restored.
Your transformation is almost over.
Your horns disappear.
Your talons disappear.
Menkaure, Prince of Dust comes into view.
Menkaure shouts!
Menkaure grins.
Menkaure calls on the powers of darkness!
Your body is wracked with pain!
* * * LOW HITPOINT WARNING * * *
Menkaure is nearby!
Menkaure is nearby!
Casting: Beastly Appendage (safe; 4% risk of failure)
Confirm with . or Enter, or press ? or * to list all spells.
You grow a pair of large bovine horns.
Your feet morph into talons.
You barely miss Menkaure. Menkaure hits you.
* * * LOW HITPOINT WARNING * * *
You hit Menkaure but do no damage. You tail-slap Menkaure.
Menkaure is lightly damaged.
Menkaure hits you!
* * * LOW HITPOINT WARNING * * *
You hit Menkaure but do no damage.
Menkaure is lightly damaged.
You hit Menkaure.
Menkaure is moderately damaged.
Menkaure hits you!
* * * LOW HITPOINT WARNING * * *
You barely miss Menkaure. You claw Menkaure. You tail-slap Menkaure.
Menkaure is severely damaged.
Menkaure hits you!
You die...

▒▒▒...▒ ▒....>.
▒...... ▒......
▒...... ▒.....<
▒......
▒▒▒▒▒▒▒▒.▒
▒......
▒.dM.....▒
▒▒▒▒▒▒.
▒.▒▒▒▒▒▒▒▒ ▒.
▒.▒▒▒▒▒▒▒▒▒▒▒▒▒
▒.
▒.............▒
▒.
▒▒▒▒▒▒▒▒▒▒▒▒▒.▒
▒. ▒.▒ ▒. ▒.▒
▒. ▒.▒ ▒. ▒.▒
▒.


You could see Menkaure.

Vanquished Creatures
  An orc priest (D:2)
  An orc wizard (D:3)
  An adder (D:4)
  A worm (D:3)
  A dart slug (D:1)
  8 orcs
  2 ball pythons (D:1)
  5 bats
  5 endoplasms
  3 giant cockroaches
  6 goblins
  5 hobgoblins
  6 jackals
  4 quokkas
  A frilled lizard (D:1)
  6 kobolds
  3 rats (D:1)
59 creatures vanquished.

Notes
Turn   | Place    | Note
-------+----------+-------------------------------------------
     0 | D:1      | shmup the Draconian Transmuter began the quest for the Orb.
     0 | D:1      | Reached XP level 1. HP: 16/16 MP: 3/3
   103 | D:1      | Reached XP level 2. HP: 23/23 MP: 3/5
   391 | D:1      | Found a faded altar of an unknown god.
   402 | D:1      | Reached XP level 3. HP: 28/28 MP: 4/6
  1156 | D:2      | Found a basalt altar of Yredelemnul.
  1617 | D:2      | Reached XP level 4. HP: 4/35 MP: 7/7
  1864 | D:3      | Identified the +3 leather armour "Zetiwk" {+Blink MP+9}
  2012 | D:3      | Found a transporter.
  2012 | D:3      | Noticed jpeg9000's ghost (weakling DsCK)
  2265 | D:3      | Identified the +9 dire flail "Giokhlon" {drain, rCorr Str+2
                  | Int+2 Stlth+}
  2265 | D:3      | Noticed an ogre
  2266 | D:3      | Found a transporter.
  2721 | D:4      | Found a runed translucent gate.
  2721 | D:4      | Found a runed translucent gate.
  2730 | D:4      | Found a runed translucent gate.
  2730 | D:4      | Noticed bairyn's ghost (amateur SpRe)
  2775 | D:4      | Reached XP level 5. HP: 36/40 MP: 8/8
  2860 | D:4      | Noticed Menkaure
  2869 | D:4      | Mangled by Menkaure

Illustrated notes

Levels and vault maps discovered:
D:1:      lemuel_arrival_lava_pool, layout_rooms,
          hellmonk_ecumenical_altar_dog_temple, minmay_misc_feat_diagonals
D:2:      layout_loops_cross, basic_altar
D:3:      layout_rooms, gammafunk_ghost_smash
D:4:      layout_basic, ebering_ghost_rock_garden, uniq_menkaure

Skill      XL: |  1  2  3  4 |
---------------+-------------+-----
Transmutations | 3 4 |  4.0
Unarmed Combat | 4 |  4.5
Fighting       | |  1.1
Dodging        | |  1.7
Spellcasting   | |  2.0

Action                     |  1- 3 |  4- 6 || total
---------------------------+-------+-------++-------
  Melee: Unarmed           |    93 |    72 ||   165
         Kick              |    13 |     9 ||    22
         Headbutt          |    13 |     7 ||    20
         Tailslap          |    12 |     9 ||    21
         Punch             |     2 |     2 ||     4
   Cast: Beastly Appendage |    26 |    13 ||    39
    Use: Scroll            |     2 |       ||     2
         Potion            |       |     1 ||     1
 Armour: Skin              |    28 |    13 ||    41
  Dodge: Dodged            |    73 |    47 ||   120
